 Dungeon Crawl Stone Soup version 0.18-a0-816-g97f838e (webtiles) character file.

98 benitares the Ruffian (level 4, -4/35 HPs)
             Began as a Demonspawn Fighter on Dec 15, 2015.
             Slain by a gnoll
             ... wielding a +0 spear
              (5 damage)
             ... on level 2 of the Dungeon.
             The game lasted 00:02:03 (1702 turns).

benitares the Ruffian (Demonspawn Fighter)          Turns: 1702, Time: 00:02:06

Health: -4/35      AC:  9    Str: 20 (23) XL:     4   Next: 43%
Magic:  4/4        EV:  9    Int:  9      God:
Gold:   23         SH:  0    Dex: 12      Spells: 0 memorised, 3 levels left

rFire  . . .     SeeInvis .       - Unarmed
rCold  . . .     Clarity  .     a - +0 scale mail
rNeg   . . .     SustAt   .     (no shield)
rPois  .         Gourm    .     (no helmet)
rElec  .         Spirit   .     (no cloak)
rCorr  .         Dismiss  .     (no gloves)
rMut   .         Stasis   .     (no boots)
MR     .....                    (no amulet)
Stlth  ..........               (no ring)
                                (no ring)

@: mighty, lethally poisoned (-4 -> -5), not resistant to hostile enchantments,
extremely unstealthy
A: slimy green scales 2
a: no special abilities


You were on level 2 of the Dungeon.
You were hungry.

You visited 1 branch of the dungeon, and saw 2 of its levels.

You collected 23 gold pieces.

Inventory:

Armour
 a - a +0 scale mail (worn)
Scrolls
 b - 4 scrolls of identify {unknown}
 f - a scroll of remove curse {unknown}
 j - a scroll of enchant armour {unknown}
 k - a scroll of teleportation {unknown}
Potions
 c - a potion of might
 e - a potion of invisibility {unknown}
 h - a potion of brilliance {unknown}
 i - a potion of curing {unknown}
 l - a potion of degeneration
Comestibles
 d - a bread ration
 g - a beef jerky


   Skills:
 - Level 3.0 Fighting
 - Level 2.6 Armour
   Level 2.6 Shields
 + Level 4.3 Unarmed Combat


You had 3 spell levels left.
You didn't know any spells.

Dungeon Overview and Level Annotations

Branches:
Dungeon (2/15)

Altars:
Dithmenos
Qazlal


Innate Abilities, Weirdness & Mutations

You are mostly covered in slimy green scales (AC +3).


Message History

* * * LOW HITPOINT WARNING * * *
You hit the worm.
You kill the worm!
You punch the gnoll!
The gnoll is severely wounded.
You feel sick.
You punch the gnoll!
You kill the gnoll!
You punch the gnoll!
The gnoll is almost dead.
The gnoll hits you with a flail.
* * * LOW HITPOINT WARNING * * *
Drink which item? (? for menu, Esc to quit)
It was a potion of degeneration.
There was something very wrong with that liquid.
You feel weakened.
* * * LOW HITPOINT WARNING * * *
You feel sick.
The gnoll hits you from afar with a spear.
You die...

#...(...######.##..###..........
#.......# #.####..###.......#
#.......######..###........#...#
##..............#.)............#
###...(#.........#.#.....###....#
......<............##....# #.##.#
(.......###.####..[...#### #..#.†
........###.# ##.#..)########....
........#...# #.@###.............
........)...###g###...........##.
##...#.#....#.g.###.##.#....#....
###....#.....####..##........##.
##.#.........##.#.........###.
##..##.........................
##...###...#...#...#.##..†...†(#
E#...#E#...##....###.##).....###
###...###...##....#...###...#..#


You could see 2 gnolls.

Vanquished Creatures
  Jessica (D:2)
  A gnoll (D:2)
  2 adders (D:2)
  An ooze (D:1)
  A worm (D:2)
  A giant gecko (D:2)
  A giant cockroach (D:1)
  2 hobgoblins
  4 jackals (D:1)
  6 kobolds
  2 bats
  3 giant newts
  8 goblins
  A quokka (D:2)
  3 rats
37 creatures vanquished.

Notes
Turn   | Place    | Note
--------------------------------------------------------------
     0 | D:1      | benitares the Demonspawn Fighter began the quest for the Orb.
     0 | D:1      | Reached XP level 1. HP: 18/18 MP: 1/1
   475 | D:1      | Gained mutation: You are partially covered in slimy green scales (AC +2). [demonic ancestry]
   475 | D:1      | Reached XP level 2. HP: 20/24 MP: 2/2
  1217 | D:2      | Noticed Jessica
  1228 | D:2      | Killed Jessica
  1228 | D:2      | Gained mutation: You are mostly covered in slimy green scales (AC +3). [demonic ancestry]
  1228 | D:2      | Reached XP level 3. HP: 14/29 MP: 3/3
  1434 | D:2      | Found a stormy altar of Qazlal.
  1435 | D:2      | Noticed a fire elemental
  1494 | D:2      | Reached XP level 4. HP: 35/35 MP: 4/4
  1504 | D:2      | Found a shadowy altar of Dithmenos.
  1621 | D:2      | Noticed a water elemental
  1624 | D:2      | Noticed an air elemental
  1638 | D:2      | Reached skill level 4 in Unarmed Combat
  1702 | D:2      | HP: 1/35 [poisoned by an adder]
  1702 | D:2      | Slain by a gnoll

Vault maps used:
D:1:      saegor_arrival_simple_e
D:2:      nicolae_qazlal_style_of_elements, grunt_pakellas_basics,
          nicolae_dithmenos_through_a_glass_darkly, uniq_jessica,
          uniq_crazy_yiuf_cottage

Action                   |  1- 3 |  4- 6 || total
-------------------------+-------+-------++-------
Melee: Unarmed           |   124 |    42 ||   166
  Use: Potion            |       |     2 ||     2
  Eat: Chunk             |     2 |       ||     2
